 Dungeon Crawl Stone Soup version 0.20.0-15-g7f486f2 (webtiles) character file.

7329 vishdafish the Carver (level 10, -4/89 HPs)
             Began as a Minotaur Fighter on June 18, 2017.
             Slain by a blink frog (14 damage)
             ... on level 1 of the Lair of Beasts.
             The game lasted 00:44:35 (7129 turns).

vishdafish the Carver (Minotaur Fighter)            Turns: 7129, Time: 00:44:35

Health: -4/89      AC: 11    Str: 22    XL:     10   Next: 90%
Magic:  0/11       EV: 12    Int:  5    God:    Xom [.....*]
Gold:   395        SH: 12    Dex: 16    Spells: 9/9 levels left

rFire    . . .     SeeInvis .   a - +0 long sword
rCold    . . .     Gourm    .   c - +0 shield
rNeg     . . .     Faith    .   b - +0 scale mail
rPois    .         Spirit   +   (helmet restricted)
rElec    .         Reflect  .   i - +0 cloak
rCorr    .         Harm     .   (no gloves)
MR       .....                  s - +0 pair of boots
Stlth    ..........             u - amulet of guardian spirit
Regen    0.3/turn               h - +4 ring of dexterity
MPRegen  0.2/turn               O - ring of loudness (curse)

@: very slightly contaminated, invisible
A: retaliatory headbutt, horns 2
a: Renounce Religion


You were on level 1 of the Lair of Beasts.
You worshipped Xom.
You were Xom's teddy bear.
You were not hungry.

You visited 3 branches of the dungeon, and saw 10 of its levels.

You collected 501 gold pieces.
You spent 106 gold pieces at shops.

Inventory:

Hand Weapons
 a - a +0 long sword (weapon)
 m - a +2 dagger of venom
 P - the +7 dagger "Wepluf" {venom, +Inv rElec MP-9 Int+7}
   (You found it on level 8 of the Dungeon)

   It poisons the flesh of those it strikes.
   It affects your intelligence (+7).
   It insulates you from electricity.
   It affects your magic capacity (-9).
   It lets you turn invisible.
Missiles
 I - 6 needles of paralysis (quivered)
Armour
 b - a +0 scale mail (worn)
 c - a +0 shield (worn)
 i - a +0 cloak (worn)
 s - a +0 pair of boots (worn)
 D - a +0 plate armour
Jewellery
 h - a +4 ring of dexterity (left hand)
 l - an uncursed ring of wizardry
 u - an amulet of guardian spirit (around neck)
 O - a cursed ring of loudness (right hand)
Wands
 C - a wand of flame (10/48)
 N - a wand of scattershot (6/9)
 Q - a wand of scattershot (4/9)
Scrolls
 g - 5 scrolls of teleportation
 p - 4 scrolls of immolation
 r - 2 scrolls of amnesia {unknown}
 t - 2 scrolls of remove curse {unknown}
 v - a scroll of magic mapping {unknown}
 w - a scroll of fear {unknown}
 y - a scroll of blinking {unknown}
 B - 2 scrolls of recharging
 J - a scroll of enchant armour {unknown}
 M - a scroll of noise {unknown}
 R - a scroll of torment {unknown}
Potions
 d - 2 potions of might
 e - 4 potions of agility
 n - 2 potions of magic {unknown}
 o - a potion of ambrosia
 x - a potion of invisibility
 z - a potion of flight {unknown}
 A - 2 potions of haste {unknown}
 H - 2 potions of mutation {unknown}
 K - 2 potions of cancellation {unknown}
 L - 2 potions of resistance {unknown}
Books
 F - a book of Battle

   Spells                             Type                      Level
   a - Infusion                       Charms                       1
   b - Shroud of Golubria             Charms/Translocation         2
   c - Song of Slaying                Charms                       2
   d - Spectral Weapon                Hexes/Charms                 3
   e - Regeneration                   Charms/Necromancy            3
 G - a book of Maledictions

   Spells                             Type                      Level
   a - Corona                         Hexes                        1
   b - Ensorcelled Hibernation        Hexes/Ice                    2
   c - Confuse                        Hexes                        3
   d - Tukima's Dance                 Hexes                        3
   e - Dazzling Spray                 Conjuration/Hexes            3
Comestibles
 f - 3 bread rations
 k - 3 royal jellies
 q - 4 meat rations
 E - 5 fruits


   Skills:
 + Level 8.3 Fighting
 + Level 11.8 Long Blades
 + Level 8.6 Armour
 + Level 5.5 Dodging
 + Level 2.5 Stealth
 + Level 9.5 Shields
 + Level 3.0 Evocations


You had 9 spell levels left.
You didn't know any spells.

Dungeon Overview and Level Annotations

Branches:
Dungeon (8/15)             Temple (1/1) D:5            Lair (1/6) D:8

Altars:
Ashenzari
Cheibriados
Dithmenos
Fedhas
Gozag
Hepliaklqana
Kikubaaqudgha
Makhleb
Nemelex Xobeh
Okawaru
Qazlal
Ru
Sif Muna
Trog
Uskayaw
Vehumet
Xom
Zin
Lugonu

Shops:
D:6 *


Innate Abilities, Weirdness & Mutations

You reflexively headbutt those who attack you in melee.
You have a pair of horns on your head.


Message History

The blink frog hits you!
* * * LOW HITPOINT WARNING * * *
The blink frog blinks!
You block the blink frog's attack. The blink frog barely misses you.
You riposte.
You slash the blink frog!
The blink frog is heavily wounded.
You slash the blink frog! Your headbutt misses the blink frog.
The blink frog is severely wounded.
The blink frog hits you!
* * * LOW HITPOINT WARNING * * *
The blink frog blinks!
You block the blink frog's attack.
You slash the blink frog!
You kill the blink frog!
You fade into invisibility!
You are very lightly contaminated with residual magic.
The blink frog closely misses you.
You catch the helpless blink frog completely off-guard!
You hit the blink frog. You headbutt the blink frog!!
The blink frog is severely wounded.
The blink frog hits you!
You die...

#......##. #......P#
#......... ##.....(.#
##......... #........#
##..........
#.......#####P..........
#........##.............
#................†.....
#.....F................
##.....@†...............
#........F..............
##=..#..................
#.....##.................
.............###.........
..........#### #.........
.........## ##........
.........# #.........
.......# ##........


You could see 2 blink frogs.

Vanquished Creatures
  2 two-headed ogres (D:8)
  Pikel (D:7)
  A black mamba (Lair:1)
  A spiny frog (D:8)
  A komodo dragon (Lair:1)
  A troll (D:8)
  3 blink frogs (Lair:1)
  A hippogriff (D:8)
  5 water moccasins
  4 slaves (D:7)
  2 ice beasts (D:6)
  A phantom (D:5)
  9 ogres
  3 wolves (D:8)
  2 centaurs
  5 bullfrogs
  A gnoll sergeant (D:8)
  2 scorpions (D:4)
  A vampire bat (D:3)
  4 electric eels (D:8)
  4 howler monkeys
  3 crimson imps
  7 hounds
  3 orc priests
  7 orc wizards
  A centaur skeleton (D:5)
  Jessica (D:7)
  An iguana (D:8)
  5 worker ants
  Natasha (D:3)
  2 killer bee zombies
  A worker ant zombie (D:6)
  4 gnolls (D:8)
  4 adders
  A shadow imp (D:8)
  An ooze (D:5)
  An adder zombie (D:5)
  An adder skeleton (D:5)
  2 worms (D:3)
  3 dart slugs
  2 leopard geckos
  21 orcs
  5 bats
  2 bat skeletons (D:3)
  4 bat zombies (D:3)
  A giant cockroach (D:1)
  6 hobgoblins
  2 jackals (D:1)
  5 kobolds
  3 quokkas
  4 frilled lizards
  A giant cockroach zombie (D:5)
  7 goblins
  6 rats
  2 fungi (D:4)
174 creatures vanquished.

Vanquished Creatures (collateral kills)
  Sigmund (D:6)
  An orc (D:6)
2 creatures vanquished.

Vanquished Creatures (others)
  A fungus (D:4)
1 creature vanquished.

Grand Total: 177 creatures vanquished

Notes
Turn   | Place    | Note
-------+----------+-------------------------------------------
     0 | D:1      | vishdafish the Minotaur Fighter began the quest for the Orb.
     0 | D:1      | Reached XP level 1. HP: 19/19 MP: 0/0
   163 | D:1      | Reached XP level 2. HP: 17/27 MP: 1/1
   510 | D:2      | Reached skill level 3 in Long Blades
   671 | D:2      | Found a glowing silver altar of Zin.
   674 | D:2      | Found a deep blue altar of Sif Muna.
   726 | D:2      | Reached XP level 3. HP: 33/33 MP: 2/2
   846 | D:2      | Found a hide-covered altar of Uskayaw.
  1277 | D:3      | Reached XP level 4. HP: 40/40 MP: 3/3
  1367 | D:3      | Found an ancient bone altar of Kikubaaqudgha.
  1374 | D:3      | Reached skill level 4 in Long Blades
  1374 | D:3      | Reached XP level 5. HP: 45/46 MP: 4/4
  1453 | D:3      | Noticed Natasha
  1504 | D:3      | Reached skill level 5 in Armour
  1512 | D:3      | Killed Natasha
  1512 | D:3      | Reached skill level 1 in Dodging
  1870 | D:4      | Found a radiant altar of Vehumet.
  1936 | D:4      | Noticed an ogre
  1999 | D:3      | Killed an ogre
  1999 | D:3      | Reached skill level 5 in Long Blades
  1999 | D:3      | Reached XP level 6. HP: 37/52 MP: 5/5
  2139 | D:4      | Reached skill level 5 in Shields
  2347 | D:4      | Found an iron altar of Okawaru.
  2424 | D:5      | Entered Level 5 of the Dungeon
  2457 | D:5      | Found a blossoming altar of Fedhas.
  2541 | D:5      | Reached XP level 7. HP: 43/60 MP: 6/6
  2626 | D:5      | Found a staircase to the Ecumenical Temple.
  2752 | D:5      | Reached skill level 6 in Long Blades
  3051 | D:5      | Found a stormy altar of Qazlal.
  3065 | D:5      | Reached skill level 5 in Fighting
  3086 | D:5      | Reached skill level 7 in Long Blades
  3187 | D:5      | Reached XP level 8. HP: 52/68 MP: 7/7
  3278 | Temple   | Entered the Ecumenical Temple
  3375 | Temple   | Became a worshipper of Xom of Chaos
  3419 | D:5      | XOM: potion effect (brilliance)
  3423 | D:5      | XOM: potion effect (invisibility)
  3456 | D:6      | Reached skill level 1 in Stealth
  3576 | D:5      | XOM: potion effect (might)
  3834 | D:6      | XOM: harmless Air miscast
  3843 | D:6      | XOM: potion effect (agility)
  3848 | D:6      | XOM: polymorph orc warrior -> worker ant
  3850 | D:6      | Reached skill level 8 in Long Blades
  3911 | D:6      | XOM: harmless Hex miscast
  4029 | D:6      | Noticed Sigmund
  4042 | D:6      | Killed Sigmund
  4061 | D:6      | Found a shadowy altar of Dithmenos.
  4141 | D:6      | XOM: confuse monster(s)
  4177 | D:6      | Found Asiskih's Assorted Antiques.
  4187 | D:6      | Bought a scroll labeled SORYZO LUUJE for 28 gold pieces
  4187 | D:6      | Bought a lumpy grey potion for 25 gold pieces
  4187 | D:6      | Bought a bubbling brown potion for 25 gold pieces
  4187 | D:6      | Bought a scroll labeled LIETSULURA for 28 gold pieces
  4257 | D:6      | XOM: 7-stop teleportation journey
  4351 | D:7      | XOM: 6-stop teleportation journey
  4415 | D:7      | XOM: cloud trail
  4616 | D:7      | XOM: enchant monster (good)
  4642 | D:7      | Reached XP level 9. HP: 59/75 MP: 6/8
  4887 | D:8      | Noticed Pikel
  4908 | D:7      | Found a sparkling altar of Nemelex Xobeh.
  4908 | D:7      | Noticed Jessica
  4910 | D:7      | Killed Jessica
  4929 | D:8      | XOM: summons friendly iron imp
  4939 | D:7      | XOM: potion effect (magic)
  4944 | D:7      | XOM: mild Tmut miscast
  5039 | D:7      | Killed Pikel
  5039 | D:7      | Reached skill level 9 in Long Blades
  5261 | D:8      | Got an iridescent dagger
  5262 | D:8      | Identified the +7 dagger "Wepluf" {venom, +Inv rElec MP-9 Int+7} (You found it on level 8 of the Dungeon)
  5292 | D:8      | XOM: divination: magic mapping
  5317 | D:8      | Noticed a troll
  5323 | D:8      | XOM: potion effect (might)
  5334 | D:8      | Killed a troll
  5334 | D:8      | Reached skill level 10 in Long Blades
  5373 | D:8      | XOM: mild Ice miscast
  5528 | D:8      | XOM: medium Pois miscast
  5555 | D:8      | Noticed a two-headed ogre
  5559 | D:8      | XOM: potion effect (agility)
  5564 | D:8      | XOM: harmless Summ miscast
  5568 | D:8      | Killed a two-headed ogre
  5568 | D:8      | Reached XP level 10. HP: 65/86 MP: 7/9
  5582 | D:8      | Reached skill level 5 in Dodging
  5657 | D:8      | Found a staircase to the Lair.
  5718 | D:8      | Noticed a two-headed ogre
  5727 | D:8      | Killed a two-headed ogre
  5727 | D:8      | Reached skill level 11 in Long Blades
  5727 | D:8      | Reached skill level 1 in Evocations
  5789 | D:8      | XOM: divination: detect creatures
  6071 | Lair:1   | Entered Level 1 of the Lair of Beasts
  6073 | Lair:1   | Noticed a spiny frog
  6093 | D:8      | Killed a spiny frog
  6227 | D:8      | XOM is BORED!
  6227 | D:8      | XOM: noise
  6439 | Lair:1   | XOM is BORED!
  6439 | Lair:1   | XOM: medium Conj miscast
  6453 | Lair:1   | XOM: medium Tloc miscast
  6695 | Lair:1   | Noticed a black mamba
  6696 | Lair:1   | XOM: enchant monster (good)
  6710 | Lair:1   | XOM: fog
  6724 | Lair:1   | HP: 4/88 [black mamba (11)]
  6726 | Lair:1   | Killed a black mamba
  6972 | Lair:1   | XOM: scenery: create altars
  7129 | Lair:1   | Slain by a blink frog

Skill      XL: |  1  2  3  4  5  6  7  8  9 10 |
---------------+-------------------------------+-----
Shields        | 4 5 6 7 9 |  9.5
Long Blades    | 3 4 5 7 8 10 11 | 11.8
Fighting       | 4 5 7 8 |  8.3
Armour         | 4 5 6 7 8 |  8.6
Dodging        | 1 2 3 4 5 |  5.5
Stealth        | 2 |  2.5
Evocations     | 3 |  3.0

Action                   |  1- 3 |  4- 6 |  7- 9 | 10-12 || total
-------------------------+-------+-------+-------+-------++-------
Melee: Long sword        |    78 |    97 |   283 |    96 ||   554
       Headbutt          |    14 |    28 |    75 |    30 ||   147
Evoke: Wand              |       |       |     3 |    28 ||    31
  Use: Potion            |       |     1 |     1 |     5 ||     7
       Scroll            |       |       |    10 |     1 ||    11
 Stab: Invisible         |       |       |     3 |     1 ||     4
       Petrifying        |       |       |     1 |       ||     1
  Eat: Bread ration      |     1 |     1 |     1 |       ||     3
       Meat ration       |       |       |     1 |     1 ||     2
Armor: Scale mail        |    40 |    55 |   100 |     9 ||   204
Dodge: Dodged            |    18 |    41 |   117 |    46 ||   222
Block: Shield            |    41 |    47 |   178 |    48 ||   314
       Rpst.: Long sword |     4 |    11 |    29 |    11 ||    55
